 Dungeon Crawl Stone Soup version 0.28.0-53-g5a82cb258f (webtiles) character file.

Game seed: 17911582470530915307

40 hawla the Digger (level 3, 0/28 HPs)
             Began as a Deep Elf Earth Elementalist on June 12, 2022.
             Succumbed to an adder's poison
             ... on level 2 of the Dungeon.
             The game lasted 00:02:58 (1205 turns).

hawla the Digger (Deep Elf Earth Elementalist)      Turns: 1205, Time: 00:02:59

Health: 0/28       AC: 21    Str:  7    XL:     3   Next: 30%
Magic:  6/10       EV:  2    Int: 19    God:
Gold:   78         SH:  0    Dex: 15    Spells: 9/10 levels left

rFire   . . .      SeeInvis .   (no weapon)
rCold   . . .      Faith    .   (no shield)
rNeg    . . .      Spirit   .   (armour currently unavailable)
rPois   +          Reflect  .   (helmet currently unavailable)
rElec   .          Harm     .   (cloak currently unavailable)
rCorr   .          Rampage  .   (gloves currently unavailable)
Will    .....      NoTele   +   (boots currently unavailable)
Stlth   ++........              (no amulet)
HPRegen 0.09/turn               (no ring)
MPRegen 0.12/turn               (no ring)

@: lethally poisoned (0 -> -4), tree-form
A: stationary, stasis, torment immunity, boosted hp
a: no special abilities


You were on level 2 of the Dungeon.
You were a tree.
You visited 1 branch of the dungeon, and saw 2 of its levels.

You collected 78 gold pieces.

Inventory:

Missiles
 c - 12 stones
Armour
 b - a +0 robe (melded)
Scrolls
 d - 3 scrolls of identify
Potions
 e - 2 potions of might


   Skills:
 + Level 2.4 Dodging
 + Level 2.4 Stealth
 + Level 4.1 Spellcasting
 + Level 1.1 Transmutations
 + Level 4.2 Earth Magic


You had 9 spell levels left.
You knew the following spells:

 Your Spells              Type           Power      Damage    Failure   Level
a - Sandblast             Erth           40%        2d10      2%          1

Your spell library contained the following spells:

 Spells                   Type           Power      Damage    Failure   Level
 Passwall                 Tmut/Erth      11%        N/A       7%          2
 Stone Arrow              Conj/Erth      22%        3d8       17%         3
 Petrify                  Tmut/Erth      14%        N/A       41%         4


Dungeon Overview and Level Annotations

Branches:
Dungeon (2/15)

Altars:


Message History

The adder barely misses you. The adder bites you.
You are poisoned.
The adder poisons you!
Casting: Sandblast (safe; 2% risk of failure)
Confirm with . or Enter, or press ? or * to list all spells.
Aiming: Sandblast (safe; 2% risk of failure)
Press: ? - help, Shift-Dir - straight line, f/p - adder
Aim: an adder (moderately wounded, 66% to hit)
The blast of sand hits the adder.
The adder is heavily wounded.
You feel sick. The adder bites you.
You are more poisoned.
The adder poisons you!
Casting: Sandblast (safe; 2% risk of failure)
Confirm with . or Enter, or press ? or * to list all spells.
Aiming: Sandblast (safe; 2% risk of failure)
Press: ? - help, Shift-Dir - straight line, f/p - adder
Aim: an adder (heavily wounded, 66% to hit)
The blast of sand misses the adder.
You feel very sick. The adder bites you.
* * * LOW HITPOINT WARNING * * *
Really quaff the potion of lignification?
You turn into a tree.
Your +0 robe melds into your body.
Your roots penetrate the ground.
* * * LOW HITPOINT WARNING * * *
You feel sick. The adder bites you but does no damage. The adder bites you.
* * * LOW HITPOINT WARNING * * *
Casting: Sandblast (safe; 2% risk of failure)
Confirm with . or Enter, or press ? or * to list all spells.
Aiming: Sandblast (safe; 2% risk of failure)
Press: ? - help, Shift-Dir - straight line, f/p - adder
Aim: an adder (heavily wounded, 66% to hit)
The blast of sand hits the adder!
You kill the adder!
* * * LOW HITPOINT WARNING * * *
You feel sick.
Your Spellcasting skill increases to level 4!
It was a potion of flight.
Your roots keep you in place.
You die...

..# #.. .# #.. . #.. ..
#.. ... #.. ... #.. ..
#..
#####.#################'
...[...♣.........##.....
.................##.....
.................##.....
.................##.....
..........#)..#####.....
..........#...# #.....
..........#...# #.....
..........#...#####.....
.........#...........##


There were no monsters in sight!

Vanquished Creatures
  An adder (D:2)
  A dart slug (D:2)
  5 endoplasms
  3 giant cockroaches
  2 goblins (D:1)
  2 hobgoblins
  4 kobolds
  A quokka (D:2)
  A ball python (D:1)
  A bat (D:1)
  3 frilled lizards
  2 rats
26 creatures vanquished.

Notes
Turn   | Place    | Note
-------+----------+-------------------------------------------
     0 | D:1      | hawla the Deep Elf Earth Elementalist began the quest for
                  | the Orb.
     0 | D:1      | Reached XP level 1. HP: 10/10 MP: 6/6
   248 | D:1      | Reached XP level 2. HP: 15/15 MP: 6/8
  1075 | D:2      | Reached XP level 3. HP: 17/19 MP: 6/10
  1204 | D:2      | HP: 1/28 [poisoned by an adder]
  1205 | D:2      | Succumbed to an adder's poison

Illustrated notes

Levels and vault maps discovered:
D:1:      dpeg_arrival_ternary, layout_basic, grunt_decor_fettered,
          nicolae_figureground_pulse
D:2:      layout_basic, serial_shops, nicolae_shop_window_shopping,
          grunt_ministairs_10

Skill      XL: |  1  2  3 |
---------------+----------+-----
Earth Magic    | 4 |  4.2
Spellcasting   | 4 |  4.1
Dodging        | |  2.4
Stealth        | |  2.4
Transmutations | |  1.1

Action                   || total
-------------------------++-------
Melee: Unarmed           ||     1
 Cast: Sandblast         ||    41
  Use: Scroll            ||     3
       Potion            ||     2
Armor: Robe              ||     2
       Skin              ||     1
Dodge: Dodged            ||     5
